 Dungeon Crawl Stone Soup version 0.17-a0-1515-gfae3d72 (webtiles) character file.

203 namelastname112 the Cutter (level 5, -1/44 HPs)
             Began as a Draconian Skald on July 12, 2015.
             Was an Initiate of Gozag.
             Succumbed to poison (a potion of poison)
             ... on level 4 of the Dungeon.
             The game lasted 00:05:38 (3510 turns).

namelastname112 the Cutter (Draconian Skald)        Turns: 3510, Time: 00:05:39

Health: -1/44      AC:  5    Str: 14    XL:     5   Next: 51%
Magic:  17/17      EV: 12    Int: 13    God:    Gozag
Gold:   206        SH:  0    Dex: 11    Spells: 1 memorised, 7 levels left

rFire  . . .     SeeInvis .     l - -2 dagger (curse)
rCold  . . .     Clarity  .     (armour unavailable)
rNeg   . . .     SustAt   .     (no shield)
rPois  .         Gourm    .     (helmet restricted)
rElec  .         Spirit   .     (no cloak)
rCorr  .         Warding  .     (no gloves)
rMut   .         Stasis   .     (no boots)
MR     .....                    (no amulet)
Stlth  ++........               (no ring)
                                f - ring of magical power

@: lethally poisoned (-1 -> -21), not resistant to hostile enchantments,
unstealthy
A: unfitting armour, cold-blooded, AC +5
a: Potion Petition, Call Merchant, Bribe Branch, Renounce Religion


You were on level 4 of the Dungeon.
You worshipped Gozag.
Gozag was noncommittal.
You were not hungry.

You visited 1 branch of the dungeon, and saw 4 of its levels.

You collected 242 gold pieces.
You paid 36 gold pieces to Gozag.

Inventory:

Hand weapons
 a - a +0 short sword
 e - a +0 rapier of draining
 l - a cursed -2 dagger (weapon)
Jewellery
 f - a ring of magical power (left hand)
Scrolls
 i - 2 scrolls of identify
 k - a scroll of enchant weapon {unknown}
 n - a scroll of recharging {unknown}
Potions
 m - a potion of resistance {unknown}
Books
 b - a book of Battle

   Spells                             Type                      Level
   a - Infusion                       Charms                       1
   b - Shroud of Golubria             Charms/Translocation         2
   c - Song of Slaying                Charms                       2
   d - Spectral Weapon                Hexes/Charms                 3
   e - Regeneration                   Charms/Necromancy            3
Comestibles
 c - a beef jerky
 g - 3 fruits
 o - a meat ration


   Skills:
 + Level 2.9 Fighting
 * Level 3.8 Short Blades
 + Level 2.3 Dodging
 * Level 3.0 Stealth
 - Level 2.0 Spellcasting
 - Level 2.6 Charms


You had 7 spell levels left.
You knew the following spells:

 Your Spells              Type           Power        Failure   Level  Hunger
z - Infusion              Chrm           #.....       10%         1    ##.....


Dungeon Overview and Level Annotations

Branches:
Dungeon (4/15)
 Temple: D:4-7

Altars:
Gozag
Ru
The Shining One


Innate Abilities, Weirdness & Mutations

Your plain brown scales are hard (AC +5).
Your body does not fit into most forms of armour.
You are cold-blooded and may be slowed by cold attacks.


Message History

The worker ant misses you. The worker ant bites you.
You are poisoned.
The worker ant poisons you!
You feel sick.
You feel sick. The worker ant completely misses you.
You feel sick.
You feel sick. The worker ant misses you.
You feel sick.
You feel sick. The worker ant bites you!
* * * LOW HITPOINT WARNING * * *
You are more poisoned.
The worker ant poisons you!
* * * LOW HITPOINT WARNING * * *
You feel sick.
Drink which item? (? for menu, Esc to quit)
It was a potion of poison.
That liquid tasted very nasty...
You are more poisoned.
You die...
Your body crumbles into a pile of gold.

# ..#.#....#..#.....# #
..#.###..#........#
#############.#.#....##.#.#####
..............#.#.#.....#.#
..........oo..#.#.#######.#
..............#.#.........#
#############.#.#################
#########..#.(................
#.......#..oa@..##############
#.#####.#......##
#.#.......###### #.###.#.#.#
#.....#.#.# ##########.#.#
...........#.# .............#
############.#


You could see a worker ant and an orc.

Vanquished Creatures
  Ijyb (D:2)
  An orc wizard (D:4)
  8 adders
  3 worms
  A giant gecko (D:3)
  An orc (D:4)
  6 bats
  3 giant cockroaches
  8 goblins
  7 hobgoblins
  8 kobolds
  A quokka (D:2)
  4 giant newts
  6 jackals
  9 rats
67 creatures vanquished.

Notes
Turn   | Place    | Note
--------------------------------------------------------------
     0 | D:1      | namelastname112 the Draconian Skald began the quest for the Orb.
     0 | D:1      | Reached XP level 1. HP: 17/17 MP: 3/3
   343 | D:1      | Reached XP level 2. HP: 11/24 MP: 5/5
   350 | D:1      | Reached skill level 1 in Stealth
   962 | D:2      | Reached XP level 3. HP: 24/30 MP: 6/6
   963 | D:2      | Noticed Ijyb
  1242 | D:2      | Killed Ijyb
  1285 | D:2      | Found a sacrificial altar of Ru.
  1317 | D:2      | Reached skill level 3 in Short Blades
  1317 | D:2      | Reached XP level 4. HP: 30/37 MP: 7/7
  1997 | D:3      | Found a glowing golden altar of the Shining One.
  2224 | D:3      | Found an opulent altar of Gozag.
  2243 | D:3      | Became a worshipper of Gozag Ym Sagoz the Greedy
  2440 | D:3      | Reached XP level 5. HP: 24/42 MP: 8/8
  2984 | D:4      | Noticed a phantom
  3507 | D:4      | HP: 1/44 [worker ant (8)]
  3510 | D:4      | Succumbed to poison (a potion of poison)

Vault maps used:
D:1:      evilmike_arrival_rings
D:2:      old_standard_altar, uniq_iyjb
D:3:      tso_altar, grunt_gozag_statues
D:4:      minivault_11, corexii_checkpoint_a, fedhas_altar_4

Action                   |  1- 3 |  4- 6 || total
-------------------------+-------+-------++-------
Melee: Short sword       |   106 |    67 ||   173
       Dagger            |       |   227 ||   227
  Use: Potion            |     1 |     5 ||     6
       Scroll            |       |     4 ||     4
 Stab: Sleeping          |     2 |     3 ||     5
       Distracted        |       |     2 ||     2
  Eat: Chunk             |     1 |     3 ||     4
       Bread ration      |       |     1 ||     1
       Pizza             |       |     1 ||     1
       Beef jerky        |       |     1 ||     1
